 Dungeon Crawl Stone Soup version 0.31-a0-845-g9abc20d24f (webtiles) character file.

Game seed: 12358718781212031017

10872 IcyTea the Basher (level 11, -9/77 HPs)
             Began as a Demonspawn Cinder Acolyte on Oct 1, 2023.
             Was a Priest of Ignis.
             Killed from afar by a molten gargoyle (13 damage)
             ... with a bolt of magma
             ... on level 10 of the Dungeon.
             The game lasted 00:49:50 (12401 turns).

IcyTea the Basher (Demonspawn Cinder Acolyte)      Turns: 12401, Time: 00:49:51

Health: -9/77      AC: 15    Str: 16    XL:     11   Next: 41%
Magic:  15/16      EV: 11    Int: 18    God:    Ignis [***...]
Gold:   130        SH:  7    Dex: 15    Spells: 3/16 levels left

rFire   + . .        J - +1 whip (venom)
rCold   . . .        v - +2 buckler
rNeg    . . .        C - +0 steam dragon scales
rPois   .            d - +2 hat
rElec   .            o - +0 cloak
rCorr   .            F - +0 pair of gloves
SInv    .            e - +0 pair of boots
Will    +....        H - amulet of magic regeneration
Stlth   +            M - +6 ring of dexterity
HPRegen 0.32/turn    I - ring of willpower
MPRegen 0.55/turn

%: no passive effects
@: no status effects
A: icy blue scales 2, powered by death 1, demonic magic 3, weakness stinger 1
a: Renounce Religion, Fiery Armour, Foxfire Swarm, Rising Flame


You were on level 10 of the Dungeon.
You worshipped Ignis.
Ignis was most pleased with you.
You visited 2 branches of the dungeon, and saw 11 of its levels.

You collected 466 gold pieces.
You spent 336 gold pieces at shops.

Inventory:

Hand Weapons
 a - a -1 mace of flaming
 h - a +0 morningstar of protection
 u - a +3 whip
 B - a +3 whip
 J - a +1 whip of venom (weapon)
 Q - a +2 mace of draining
Missiles
 l - 5 throwing nets
 A - 23 poisoned darts
 G - 3 atropa-tipped darts (quivered)
Armour
 d - a +2 hat (worn)
 e - a +0 pair of boots (worn)
 o - a +0 cloak (worn)
 v - a +2 buckler (worn)
 z - an orb of guile
 C - +0 steam dragon scales (worn)
 F - a +0 pair of gloves (worn)
Jewellery
 r - an amulet of the acrobat
 x - a ring of flight
 H - an amulet of magic regeneration (around neck)
 I - a ring of willpower (right hand)
 M - a +6 ring of dexterity (left hand)
 N - a ring of protection from fire
 P - a ring of ice
Talismans
 b - a storm talisman
 g - a talisman of death
 j - a beast talisman
Wands
 f - a wand of flame (24)
 m - a wand of paralysis (23)
 s - a wand of mindburst (11)
 y - a wand of iceblast (20)
 D - a wand of digging (12)
 E - a wand of polymorph (4)
Scrolls
 c - a scroll of fear
 n - a scroll of fog
 p - 3 scrolls of blinking
 t - 4 scrolls of identify
 w - 2 scrolls of teleportation
Potions
 i - 4 potions of attraction
 k - 2 potions of brilliance
 q - 2 potions of might
 K - a potion of curing
 L - a potion of invisibility
 O - a potion of resistance


   Skills:
 - Level 4.1 Fighting
 - Level 11.2 Maces & Flails
 - Level 6.0 Armour
 - Level 5.0 Shields
 - Level 3.4 Spellcasting
 + Level 1.6 Conjurations
 - Level 8.0 Fire Magic
 - Level 4.3 Evocations


You had 3 spell levels left.
You knew the following spells:

 Your Spells              Type           Power      Damage    Failure   Level
a - Scorch                Fire           62%        2d7       1%          2
b - Inner Flame           Hex/Fire       17%        N/A       12%         3
c - Fireball              Conj/Fire      10%        3d6       58%         5
d - Stone Arrow           Conj/Erth      12%        3d7       38%         3

Your spell library contained the following spells:

 Spells                   Type           Power      Damage    Failure   Level
 Volatile Blastmotes      Fire/Tloc      34%        2d12      12%         3
 Sandblast                Erth           6%         2d5       21%         1
 Passwall                 Tmut/Erth      2%         N/A       30%         2
 Sublimation of Blood     Necr           3%         N/A       30%         2
 Tukima's Dance           Hex            3%         N/A       52%         3
 Brom's Barrelling Bould  Conj/Erth      6%         2d3       80%         4
 Anguish                  Hex/Necr       1%         N/A       89%         4
 Cause Fear               Hex            1%         N/A       89%         4
 Passage of Golubria      Tloc           3%         N/A       89%         4
 Petrify                  Tmut/Erth      3%         N/A       89%         4
 Irradiate                Conj/Tmut      3%         3d12      98%         5
 Yara's Violent Unravell  Hex/Tmut       1%         3d3       99%         5
 Enfeeble                 Hex            1%         N/A       100%        7


Dungeon Overview and Level Annotations

Branches:
Dungeon (10/15)            Temple (1/1) D:6            Lair (0/5) D:8
    Orc: D:9-12

Altars:
Ashenzari
Cheibriados
Dithmenos
Fedhas
Gozag
Hepliaklqana
Kikubaaqudgha
Makhleb
Nemelex Xobeh
Okawaru
Ru
Sif Muna
Trog
Uskayaw
Vehumet
Wu Jian
Xom
Yredelemnul
Lugonu

Shops:
D:5 *   D:10 *[

Annotations:
D:7 2 runed translucent doors, Talonman3's ghost, novice DrCj


Innate Abilities, Weirdness & Mutations

You are mostly covered in icy blue scales. (AC +3)
You regenerate a little health from kills.
Spells you cast and wands you use may paralyse nearby enemies.
You have a small tail.


Message History

Your tail-slap misses the molten gargoyle.
The molten gargoyle is moderately damaged.
You block the molten gargoyle's attack.
You hit the molten gargoyle.
Your tail-slap misses the molten gargoyle.
The molten gargoyle is heavily damaged.
Casting: Stone Arrow (dangerous; 38% risk of failure)
Confirm with . or Enter, or press ? or * to list all spells.
Flames lash the molten gargoyle.
The molten gargoyle completely resists.
Malevolent energies surge around you. You block the molten gargoyle's attack.
Casting: Scorch (safe; 1% risk of failure)
Confirm with . or Enter, or press ? or * to list all spells.
Flames lash the molten gargoyle.
The molten gargoyle completely resists.
Malevolent energies surge around you. The molten gargoyle barely misses you.
You hit the molten gargoyle but do no damage.
The molten gargoyle is heavily damaged.
The molten gargoyle hits you with a +0 mace!
You are engulfed in flames.
You resist.
You hit the molten gargoyle but do no damage.
The molten gargoyle is heavily damaged.
Your magical contamination has completely faded away.
You hit the molten gargoyle but do no damage.
You tail-slap the molten gargoyle, but do no damage.
The molten gargoyle is heavily damaged.
The molten gargoyle blasts magma at you!
The bolt of magma hits you!! You partially resist.
* * * LOW HITPOINT WARNING * * *
You hit the molten gargoyle but do no damage.
You tail-slap the molten gargoyle, but do no damage.
The molten gargoyle is heavily damaged.
You hit the molten gargoyle but do no damage.
The molten gargoyle is heavily damaged.
The molten gargoyle hits you but does no damage.
You hit the molten gargoyle but do no damage.
The molten gargoyle is heavily damaged.
You barely miss the molten gargoyle.
The molten gargoyle is heavily damaged.
The molten gargoyle blasts magma at you!
The bolt of magma hits you! You partially resist.
You die...

#######..#####
##∩## ##.# #.+##.
#.# ....##.# #.#
#.#.# #.. #.#
#.#.# ##..##.#
.§§§ ...##.# ###
#.##.###?.... ≈
#.[@.......#
≈≈.###.9#)###.#..#
#....)[.....#
≈≈.###.)#..#### ≈
#.##..#..#
#....#..#
#.###.#... #.
###.#.#.# # #
#...#.#.#


You could see a molten gargoyle.

Vanquished Creatures
  Harold (D:9)
  A two-headed ogre (D:8)
  A boulder beetle (D:9)
  An elephant (D:8)
  2 gargoyles
  Jeremiah (D:6)
  3 kobold demonologists (D:9)
  A troll (D:10)
  A merfolk (D:8)
  Grinder (D:4)
  Sigmund (D:6)
  A slime creature (D:8)
  A shadow (D:9)
  8 yaks
  2 wyverns (D:8)
  2 steam dragons
  A basilisk (D:8)
  Eustachio (D:6)
  5 water moccasins
  4 orc warriors
  3 ice beasts
  4 ogres
  A centaur (D:5)
  2 phantoms (D:6)
  4 kobold brigands
  5 bullfrogs
  3 scorpions
  7 wights
  A howler monkey (D:9)
  A hound (D:5)
  3 jellies
  6 orc priests
  2 gnoll boudas
  Natasha (D:2)
  3 iguanas
  12 orc wizards
  A statue (D:8)
  16 gnolls
  8 adders
  2 shadow imps
  3 white imps
  3 worms
  4 dart slugs
  34 orcs
  6 endoplasms
  2 giant cockroaches
  8 goblins
  3 hobgoblins
  3 jackals
  22 kobolds
  3 quokkas
  6 ball pythons
  3 bats
  A frilled lizard (D:3)
  3 rats
228 creatures vanquished.

Vanquished Creatures (others)
  10 foxfires (D:5)
10 creatures vanquished.

Grand Total: 238 creatures vanquished

Notes
Turn   | Place    | Note
-------+----------+-------------------------------------------
     0 | D:1      | IcyTea the Demonspawn Cinder Acolyte began the quest for
                  | the Orb.
     0 | D:1      | Reached XP level 1. HP: 18/18 MP: 2/2
    97 | D:1      | Reached skill level 3 in Maces & Flails
   109 | D:1      | Gained mutation: You are partially covered in icy blue
                  | scales. (AC +2) [demonic ancestry]
   109 | D:1      | Reached XP level 2. HP: 21/24 MP: 3/3
   256 | D:1      | Learned a level 2 spell: Scorch
  1009 | D:2      | Reached XP level 3. HP: 29/29 MP: 4/4
  1470 | D:2      | Reached skill level 4 in Maces & Flails
  1516 | D:2      | Noticed Natasha
  1527 | D:2      | Killed Natasha
  1649 | D:3      | Gained mutation: Spells you cast may paralyse adjacent
                  | enemies. [demonic ancestry]
  1649 | D:3      | Reached XP level 4. HP: 35/35 MP: 5/5
  1808 | D:3      | Noticed an ogre
  1980 | D:4      | Reached skill level 5 in Maces & Flails
  2004 | D:4      | Noticed a scorpion
  2023 | D:3      | Killed a scorpion
  2024 | D:3      | Gained mutation: You have a small tail. [demonic ancestry]
  2024 | D:3      | Reached XP level 5. HP: 36/41 MP: 1/6
  2092 | D:3      | HP: 2/41 [ogre/+0 giant club (20)]
  2100 | D:3      | Killed an ogre
  2101 | D:3      | Reached skill level 6 in Maces & Flails
  2443 | D:3      | Found a basalt altar of Yredelemnul.
  2574 | D:3      | Gained mutation: Spells you cast may paralyse nearby
                  | enemies. [demonic ancestry]
  2574 | D:3      | Reached XP level 6. HP: 17/47 MP: 7/7
  2963 | D:3      | Found a burning altar of Makhleb.
  2965 | D:3      | Found an opulent altar of Gozag.
  3104 | D:4      | Reached skill level 1 in Armour
  3138 | D:4      | You fall into a shaft and drop 1 floor!
  3138 | D:5      | Entered Level 5 of the Dungeon
  3435 | D:4      | Noticed Grinder
  3446 | D:4      | Paralysed by Grinder for 5 turns
  3455 | D:4      | Killed Grinder
  3456 | D:4      | Reached XP level 7. HP: 48/52 MP: 8/8
  3973 | D:5      | Found Wimomo's Neck Hole.
  4076 | D:5      | Reached skill level 7 in Maces & Flails
  4438 | D:5      | Reached XP level 8. HP: 58/58 MP: 9/9
  4463 | D:5      | Reached skill level 8 in Maces & Flails
  5182 | D:5      | Found a sparkling altar of Nemelex Xobeh.
  5194 | D:5      | Reached skill level 5 in Fire Magic
  5805 | D:6      | Found a staircase to the Ecumenical Temple.
  5814 | Temple   | Entered the Ecumenical Temple
  5869 | D:6      | Reached skill level 1 in Shields
  6169 | D:6      | Noticed Eustachio
  6175 | D:6      | Gained mutation: Spells you cast and wands you use may
                  | paralyse nearby enemies. [demonic ancestry]
  6175 | D:6      | Reached XP level 9. HP: 45/63 MP: 10/10
  6184 | D:6      | Killed Eustachio
  6328 | D:6      | Found an iron altar of Okawaru.
  6502 | D:6      | Noticed Sigmund
  6509 | D:6      | Killed Sigmund
  6510 | D:6      | Reached skill level 5 in Shields
  6742 | D:6      | Noticed Jeremiah
  6777 | D:6      | Killed Jeremiah
  7218 | D:7      | Reached skill level 5 in Armour
  7571 | D:7      | Found a large runed translucent door.
  7571 | D:7      | Found a large runed translucent door.
  7575 | D:7      | Noticed Talonman3's ghost (novice DrCj)
  8302 | D:8      | Gained mutation: You are mostly covered in icy blue scales.
                  | (AC +3) [demonic ancestry]
  8302 | D:8      | Reached XP level 10. HP: 41/71 MP: 15/15
  8461 | D:8      | Noticed a gargoyle
  8683 | D:8      | Killed a gargoyle
  8684 | D:8      | Reached skill level 9 in Maces & Flails
  8934 | D:8      | Reached skill level 10 in Maces & Flails
  8992 | D:8      | Found a staircase to the Lair.
  9433 | D:8      | Noticed a boulder beetle
  9443 | D:8      | Noticed a cyclops
  9451 | D:8      | a boulder beetle changed into a merfolk
  9502 | D:8      | Reached skill level 11 in Maces & Flails
  9507 | D:8      | a cyclops changed into an elephant
  9507 | D:8      | Noticed an elephant
  9526 | D:8      | Killed an elephant
  9843 | D:8      | Noticed a two-headed ogre
  9855 | D:8      | Killed a two-headed ogre
 10110 | D:8      | Found a radiant altar of Vehumet.
 10233 | D:9      | Gained mutation: You regenerate a little health from kills.
                  | [demonic ancestry]
 10233 | D:9      | Reached XP level 11. HP: 56/77 MP: 16/16
 10476 | D:9      | HP: 3/77 [ice devil[a kobold demonologist] (15)]
 10720 | D:9      | Found a bloodstained altar of Trog.
 10774 | D:9      | Noticed a boulder beetle
 10804 | D:9      | Killed a boulder beetle
 10918 | D:9      | Found a sacrificial altar of Ru.
 11092 | D:9      | Reached skill level 1 in Evocations
 11396 | D:9      | Found a blossoming altar of Fedhas.
 11460 | D:9      | Noticed Harold
 11471 | D:9      | Killed Harold
 11520 | D:9      | Found a hide-covered altar of Uskayaw.
 11718 | D:9      | Found a shimmering altar of Xom.
 11823 | D:10     | Entered Level 10 of the Dungeon
 12123 | D:10     | Found Hogud's Fire Supplies.
 12169 | D:10     | Bought the Spellbook of Fever for 336 gold pieces
 12174 | D:10     | Learned a level 3 spell: Inner Flame
 12180 | D:10     | Learned a level 5 spell: Fireball
 12184 | D:10     | Learned a level 3 spell: Stone Arrow
 12225 | D:10     | Reached skill level 1 in Conjurations
 12340 | D:10     | Found Jowackoh's Armour Boutique.
 12397 | D:10     | HP: 3/77 [molten gargoyle/bolt of magma (23)]
 12401 | D:10     | Killed from afar by a molten gargoyle

Illustrated notes

Levels and vault maps discovered:
D:1:      wheals_arrival_linesprint, layout_rooms, hex_intersection,
          minmay_pentomino_z2
D:2:      layout_loops_corners, uniq_natasha
D:3:      layout_basic, mainiacjoe_overflow_24_doors,
          nicolae_overflow_hidden_temple
D:4:      minmay_angry_zag, layout_loops_cross, reono_crystal_passage,
          nrook_mini_vaults, uniq_grinder
D:5:      layout_loops_ring, nemelex_dance_club_becter,
          nicolae_shop_sticking_my_neck_out
D:6:      layout_basic, general_overflow_altar,
          mainiacjoe_overflow_surrounded_room, temple_hall, dk_noncrumbling_4,
          nicolae_sextant, uniq_jeremiah, uniq_sigmund, uniq_eustachio
D:7:      layout_basic, ebering_ghost_disaster_area
D:8:      minmay_bloctagon_deflated, layout_loops_ring, vehumet_statue,
          minmay_lair_entry_grove
D:9:      layout_stronghold, lemuel_doored_altar, tgw_xom, lemuel_tele_altar,
          hangedman_ru_absence, mainiacjoe_overflow_brackets, grunt_decor_cap,
          uniq_harold
D:10:     layout_loops_ring, mainiacjoe_overflow_six_doors_small, serial_shops,
          nicolae_shop_tiny_glass, nicolae_shop_fire_sale
          [nicolae_sub_dead_trees], moated_statue, minivault_8
Temple:   kb_corrupted_temple

Skill      XL: |  1  2  3  4  5  6  7  8  9 10 11 |
---------------+----------------------------------+-----
Maces & Flails | 3 4 5 6 7 8 11 | 11.2
Armour         | 4 6 |  6.0
Fire Magic     | 6 7 8 |  8.0
Shields        | 3 5 |  5.0
Spellcasting   | 3 |  3.4
Fighting       | 4 |  4.1
Evocations     | 4 |  4.3
Conjurations   | 1 |  1.6

Action                     |  1- 3 |  4- 6 |  7- 9 | 10-12 || total
---------------------------+-------+-------+-------+-------++-------
  Melee: Mace              |    71 |   172 |    70 |       ||   313
         Tailslap          |       |    15 |    87 |    91 ||   193
         Whip              |       |       |   459 |   530 ||   989
  Throw: Dart              |       |       |       |     3 ||     3
   Cast: Scorch            |     1 |     1 |    41 |    42 ||    85
         Inner Flame       |       |       |       |     1 ||     1
 Invoke: Fiery Armour      |       |       |     3 |     1 ||     4
         Foxfire Swarm     |       |       |     1 |       ||     1
  Evoke: Wand              |       |       |     1 |    17 ||    18
    Use: Scroll            |     4 |     1 |     6 |     3 ||    14
         Potion            |       |     2 |     5 |     3 ||    10
   Stab: Paralysed         |       |       |    24 |    33 ||    57
 Armour: Robe              |    14 |       |       |       ||    14
         Ring mail         |    39 |   113 |   208 |       ||   360
         Skin              |       |     3 |     8 |     4 ||    15
         Steam dragon scal |       |       |    29 |   229 ||   258
  Dodge: Dodged            |    48 |   135 |   185 |   177 ||   545
  Block: Buckler           |       |    14 |    91 |   115 ||   220

Table legend: (Time is in decaauts)
 A = Elapsed time spent in this place.
 B = Non-inter-level travel time spent in this place.
 C = Inter-level travel time spent in this place.
 D = Time resting spent in this place.
 E = Time spent auto-exploring this place.
 F = Levels seen in this place.
 G = Mean time per level.
                   A        B        C        D        E       F      G
               +--------+--------+--------+--------+--------+-----+--------+
         Total |  12138 |  11948 |    190 |   3565 |   4593 |  11 | 1103.5 |
       Dungeon |  12106 |  11916 |    190 |   3565 |   4593 |  10 | 1210.6 |
        Temple |     31 |     31 |      0 |      0 |      0 |   1 |   31.0 |
               +--------+--------+--------+--------+--------+-----+--------+

Top non-repeatable levels by time:
     D:8: 1793 daAuts
     D:9: 1608 daAuts
     D:6: 1484 daAuts
     D:5: 1472 daAuts
     D:7: 1365 daAuts
     D:3: 1187 daAuts
     D:4: 1038 daAuts
     D:2: 1031 daAuts
     D:1: 746 daAuts
    D:10: 380 daAuts
  Temple: 31 daAuts
